 Dungeon Crawl Stone Soup version 0.23.2-30-g0e89c35649 (webtiles) character file.

Game seed: 16297399522678419958

16817 Mrkan the Fighter (level 12, -4/102 HPs)
             Began as a Formicid Fighter on June 23, 2019.
             Was an Initiate of Gozag.
             Slain by a wyvern (8 damage)
             ... on level 2 of the Lair of Beasts.
             The game lasted 00:31:35 (11427 turns).

Mrkan the Fighter (Formicid Fighter)               Turns: 11427, Time: 00:31:36

Health: -4/102     AC: 21    Str: 27    XL:     12   Next: 74%
Magic:  12/12      EV:  7    Int:  9    God:    Gozag
Gold:   875        SH: 12    Dex: 14    Spells: 11/11 levels left

rFire    + . .     SeeInvis +   N - +5 eveningstar of Mecze {protect, rElec rC+}
rCold    + + .     Gourm    .   c - +0 shield
rNeg     + . .     Faith    .   w - +1 plate armour
rPois    .         Spirit   .   (helmet unavailable)
rElec    +         Reflect  .   m - +2 cloak
rCorr    .         Harm     .   p - +0 pair of gloves
MR       +....                  M - +0 pair of boots of Beauty {rElec rF+ rN+ Str-2}
Stlth    ..........             E - amulet of regeneration
HPRegen  0.67/turn              D - ring of protection from cold
MPRegen  0.13/turn              G - +3 ring of strength

@: mighty, lethally poisoned (-4 -> -8), marked, gold aura
A: permanent stasis, dig shafts and tunnels, four strong arms, antennae 3
a: Dig, Shaft Self, Potion Petition, Call Merchant, Bribe Branch, Renounce
Religion


You were on level 2 of the Lair of Beasts.
You worshipped Gozag.
Gozag was pleased with you.
You were not hungry.

You visited 3 branches of the dungeon, and saw 14 of its levels.
You visited 1 bazaar.

You collected 1875 gold pieces.
You spent 906 gold pieces at shops.
You paid 94 gold pieces to Gozag.

Inventory:

Hand Weapons
 a - a +1 flail of flaming
 b - the +5 scythe "Finisher" {speed, eviscerate}
   (You found it on level 7 of the Dungeon)

   Attacks with this weapon are significantly faster.
 y - the +2 spear "Nobbeula" {pain, +Inv Dex+4}
   (You found it on level 6 of the Dungeon)

   In the hands of one skilled in necromantic magic, it inflicts extra damage on
   living creatures.
   It affects your dexterity (+4).
   It lets you turn invisible.
 N - the +5 eveningstar of Mecze (weapon) {protect, rElec rC+}
   (You bought it in a shop in a bazaar)

   It protects the one who uses it against injury (+AC on strike).
   It protects you from cold.
   It insulates you from electricity.
Armour
 c - a +0 shield (worn)
 k - a scarf of resistance
 m - a +2 cloak (worn)
 p - a +0 pair of gloves (worn)
 w - a +1 plate armour (worn)
 M - the +0 pair of boots of Beauty (worn) {rElec rF+ rN+ Str-2}
   (You bought it in a shop in a bazaar)

   It affects your strength (-2).
   It protects you from fire.
   It insulates you from electricity.
   It protects you from negative energy.
Magical Staves
 I - an uncursed staff of summoning
Jewellery
 t - an uncursed ring of positive energy {unknown}
 D - a ring of protection from cold (left hand)
 E - an amulet of regeneration (around neck)
 G - a +3 ring of strength (right hand)
Wands
 F - a wand of clouds (3)
 H - a wand of flame (23)
 J - a wand of acid (14)
 K - a wand of random effects (18)
Scrolls
 d - 3 scrolls of enchant weapon
 h - 2 scrolls of magic mapping
 j - 6 scrolls of identify
 n - a scroll of amnesia
 o - 2 scrolls of teleportation
 q - 2 scrolls of remove curse
Potions
 e - 3 potions of curing
 g - a potion of agility {unknown}
 l - 3 potions of cancellation {unknown}
 r - a potion of resistance {unknown}
 s - 2 potions of degeneration {unknown}
 u - 2 potions of brilliance {unknown}
 v - 2 potions of magic {unknown}
 z - 4 potions of lignification {unknown}
 A - 2 potions of ambrosia {unknown}
 B - a potion of haste {unknown}
 C - 4 potions of mutation {unknown}
 O - 2 potions of heal wounds
Miscellaneous
 i - a box of beasts
 L - a lamp of fire
Comestibles
 f - 28 rations


   Skills:
 + Level 12.0 Fighting
 * Level 8.9 Maces & Flails
 - Level 10.2 Polearms
 + Level 9.3 Armour
 - Level 9.0 Shields


You had 11 spell levels left.
You didn't know any spells.
Your spell library contained the following spells:

 Spells                   Type           Power        Failure   Level  Hunger
 Freeze                   Ice            #...         98%         1    ##.....
 Throw Frost              Conj/Ice       #.....       99%         2    ###....
 Ozocubu's Armour         Chrm/Ice       #.......     100%        3    ####...
 Summon Ice Beast         Ice/Summ       #.......     100%        4    #####..
 Throw Icicle             Conj/Ice       #.......     100%        4    #####..


Dungeon Overview and Level Annotations

Branches:
Dungeon (11/15)            Temple (1/1) D:7            Lair (2/6) D:8
    Orc (0/2) D:10
  Swamp: Lair:2-4    Shoals: Lair:2-4     Snake: Lair:2-4    Spider: Lair:2-4

Altars:
Ashenzari
Cheibriados
Dithmenos
Elyvilon
Gozag
Kikubaaqudgha
Makhleb
Nemelex Xobeh
Ru
Trog
Uskayaw
Vehumet
Wu Jian
Xom
Yredelemnul
Zin
The Shining One


Innate Abilities, Weirdness & Mutations

You cannot be hasted, slowed, berserked, paralysed or teleported.
You can dig through walls and to a lower floor.
Your four strong arms can wield two-handed weapons with a shield.
You have a pair of large antennae on your head. (SInv)


Message History

* * * LOW HITPOINT WARNING * * *
The porcupine bites you but does no damage.
You block the black mamba's attack. The wyvern closely misses you.
You closely miss the black mamba. The black mamba bites you.
* * * LOW HITPOINT WARNING * * *
You are poisoned.
The black mamba poisons you! You block the porcupine's attack.
You block the wyvern's attack. You block the black mamba's attack.
The porcupine bites you!
* * * LOW HITPOINT WARNING * * *
* * * LOW HITPOINT WARNING * * *
You feel sick.
The black mamba bites you but does no damage.
The wyvern bites you but does no damage.
You see here 21 gold pieces.
You feel very mighty all of a sudden.
* * * LOW HITPOINT WARNING * * *
You feel sick. You block the black mamba's attack. The wyvern bites you!
You die...
Your body crumbles into a pile of gold.

### ############
..#######..##.#.#.##...#
........................
#..........^........#.#
##......P....####...##..
.#.......###.## ##...##..
≈≈..≈....##...###........
≈≈≈≈≈≈...##[....##....#..
##..≈≈F@#...........##..
#.....lS+.<...##....#.#.
#P...5rh#.#.#.#.#...###.
#......h##.#..##........
#P......F###.#+###.>.<...
........Y................
..........[..............
.............⌠.≈≈........
..............≈≈≈≈.......


You could see an elephant, 2 polar bears, a black mamba, 2 spiny frogs, a
wyvern, a porcupine and a white imp.

Vanquished Creatures
  2 hydras
  Erica (D:8)
  An unseen horror (D:11)
  2 ugly things (D:11)
  A cyclops (D:11)
  A spiny frog (Lair:2)
  A gargoyle (D:5)
  A freezing wraith (Lair:2)
  Joseph (D:9)
  2 komodo dragons
  A polar bear (Lair:2)
  A queen bee (D:9)
  A troll (D:10)
  5 blink frogs (Lair:1)
  3 hippogriffs
  4 yaks
  A shadow (D:11)
  7 wraiths (D:7)
  A human (D:9)
  A hungry ghost (D:10)
  A basilisk (D:11)
  A warg (D:10)
  A soldier ant (D:11)
  A water moccasin (D:6)
  Duvessa (D:7)
  A porcupine (Lair:2)
  12 ice beasts
  2 sky beasts (D:5)
  A black bear (D:9)
  2 phantoms (D:9)
  A necrophage (D:11)
  3 ogres
  2 centaurs (D:8)
  A crocodile (Lair:1)
  3 big kobolds (D:11)
  4 bullfrogs
  A water moccasin zombie (D:5)
  Dowan (D:7)
  2 wyvern skeletons (D:11)
  2 scorpions
  34 killer bees
  5 howler monkeys
  A wight (D:11)
  6 crimson imps
  A bullfrog zombie (D:5)
  A centaur zombie (D:9)
  4 hounds
  Crazy Yiuf (D:3)
  6 orc priests
  7 orc wizards
  3 bullfrog skeletons
  4 iguanas
  4 centaur skeletons
  8 worker ants
  A hound zombie (D:4)
  A hound skeleton (D:8)
  A worker ant zombie (D:9)
  Robin (D:4)
  18 adders
  4 shadow imps
  A white imp (Lair:2)
  An ooze (D:5)
  3 adder skeletons
  4 worms
  3 dart slugs
  6 leopard geckos
  26 orcs
  9 giant cockroaches
  13 goblins
  10 hobgoblins
  4 jackals
  6 quokkas
  11 bats
  4 frilled lizards
  A jackal skeleton (D:4)
  11 kobolds
  A leopard gecko skeleton (D:4)
  6 rats
  A bush (D:3)
  A fungus (D:3)
314 creatures vanquished.

Vanquished Creatures (others)
  An orc wizard (D:3)
  9 plants
10 creatures vanquished.

Grand Total: 324 creatures vanquished

Notes
Turn   | Place    | Note
-------+----------+-------------------------------------------
     0 | D:1      | Mrkan the Formicid Fighter began the quest for the Orb.
     0 | D:1      | Reached XP level 1. HP: 18/18 MP: 1/1
    30 | D:1      | Reached XP level 2. HP: 16/24 MP: 2/2
   362 | D:1      | Reached XP level 3. HP: 25/30 MP: 3/3
   639 | D:2      | Found a sparkling altar of Nemelex Xobeh.
  1065 | D:2      | Reached XP level 4. HP: 31/37 MP: 4/4
  1088 | D:2      | Reached skill level 4 in Fighting
  1257 | D:3      | HP: 1/37 [orc wizard/+0 dagger (1)]
  1494 | D:3      | Reached XP level 5. HP: 34/42 MP: 5/5
  1674 | D:3      | Reached skill level 5 in Shields
  1739 | D:3      | Found a shattered altar of Ashenzari.
  1860 | D:3      | Reached XP level 6. HP: 44/49 MP: 6/6
  2009 | D:3      | Found a snail-covered altar of Cheibriados.
  2401 | D:3      | Found a runed translucent door.
  2402 | D:3      | Noticed Crazy Yiuf
  2413 | D:3      | Killed Crazy Yiuf
  2413 | D:3      | Reached skill level 5 in Fighting
  2674 | D:4      | Noticed Robin
  2678 | D:4      | Identified the +6 short sword of the Coward {flame, rPois
                  | Str+6 Dex+5}
  2733 | D:5      | Entered Level 5 of the Dungeon
  2751 | D:5      | Reached XP level 7. HP: 40/56 MP: 7/7
  2891 | D:4      | Killed Robin
  2948 | D:4      | Found a hide-covered altar of Uskayaw.
  3364 | D:5      | Noticed a gargoyle
  3717 | D:5      | Killed a gargoyle
  3717 | D:5      | Reached skill level 6 in Fighting
  3717 | D:5      | Reached skill level 5 in Maces & Flails
  3717 | D:5      | Reached XP level 8. HP: 36/65 MP: 8/8
  4452 | D:6      | Found a shimmering altar of Xom.
  4462 | D:6      | Found a shadowy altar of Dithmenos.
  4531 | D:6      | Reached skill level 7 in Fighting
  4531 | D:6      | Reached XP level 9. HP: 72/72 MP: 9/9
  4665 | D:6      | Found an ornate altar of the Wu Jian Council.
  4841 | D:6      | Got a brightly glowing spear
  5120 | D:6      | Identified the +2 spear "Nobbeula" {pain, +Inv Dex+4} (You
                  | found it on level 6 of the Dungeon)
  5192 | D:7      | Found the +5 scythe "Finisher" {speed, eviscerate}
  5232 | D:7      | Reached skill level 8 in Fighting
  5397 | D:7      | Reached skill level 1 in Polearms
  5616 | D:7      | Found a staircase to the Ecumenical Temple.
  5650 | Temple   | Entered the Ecumenical Temple
  5764 | Temple   | Became a worshipper of Gozag Ym Sagoz the Greedy
  5796 | D:7      | Reached XP level 10. HP: 82/82 MP: 10/10
  5900 | D:7      | Found a shadowy altar of Dithmenos.
  6033 | D:7      | Noticed Duvessa
  6033 | D:7      | Noticed Dowan
  6064 | D:7      | Killed Duvessa
  6064 | D:7      | Reached skill level 9 in Fighting
  6094 | D:7      | Killed Dowan
  6390 | D:7      | Found a glowing golden altar of the Shining One.
  6575 | D:8      | Found a glowing golden altar of the Shining One.
  6655 | D:8      | Noticed Erica
  6670 | D:8      | Killed Erica
  6670 | D:8      | Reached skill level 5 in Polearms
  6670 | D:8      | Reached skill level 5 in Armour
  7139 | D:8      | Noticed a komodo dragon
  7147 | D:8      | Killed a komodo dragon
  7148 | D:8      | Found a staircase to the Lair.
  7458 | D:9      | Reached skill level 10 in Fighting
  7535 | D:9      | Reached XP level 11. HP: 68/90 MP: 11/11
  8052 | D:9      | Found an ancient bone altar of Kikubaaqudgha.
  8057 | D:9      | Noticed Joseph
  8074 | D:9      | Killed Joseph
  8159 | D:9      | Got a warped leather armour
  8516 | D:9      | Identified the cursed +1 leather armour of Fedhas's
                  | Condemnation {+Fly Stlth+} (You found it on level 9 of the
                  | Dungeon)
  8554 | D:10     | Entered Level 10 of the Dungeon
  8578 | D:10     | Found a staircase to the Orcish Mines.
  9396 | D:11     | Noticed a purple ugly thing
  9404 | D:11     | Killed a purple ugly thing
  9404 | D:11     | Reached skill level 11 in Fighting
  9447 | D:11     | Found a gateway to a bazaar.
  9472 | D:11     | Noticed an unseen horror
  9487 | D:11     | Killed an unseen horror
  9585 | D:11     | Reached XP level 12. HP: 100/100 MP: 12/12
  9598 | D:11     | Noticed an eight-headed hydra
  9702 | D:10     | Killed an 11-headed hydra
  9977 | D:11     | Reached skill level 10 in Polearms
 10314 | Bazaar   | Entered a bazaar
 10314 | Bazaar   | Found Qeyq's Antique Weapon Shop.
 10314 | Bazaar   | Found Zunawi's Antique Armour Shop.
 10321 | Bazaar   | Bought a pair of transparent boots for 266 gold pieces
 10338 | Bazaar   | Found Xuecuc's General Store.
 10346 | Bazaar   | Bought the +5 eveningstar of Mecze {protect, rElec rC+} for
                  | 640 gold pieces
 10490 | D:8      | Identified the +0 pair of boots of Beauty {rElec rF+ rN+
                  | Str-2} (You bought it in a shop in a bazaar)
 10557 | Lair:1   | Entered Level 1 of the Lair of Beasts
 11408 | Lair:2   | Noticed a six-headed hydra
 11419 | Lair:2   | Killed a six-headed hydra
 11419 | Lair:2   | Reached skill level 12 in Fighting
 11426 | Lair:2   | HP: 4/102 [poisoned by a black mamba]
 11427 | Lair:2   | Slain by a wyvern

Skill      XL: |  1  2  3  4  5  6  7  8  9 10 11 12 |
---------------+-------------------------------------+-----
Shields        | 4 5 7 8 9 |  9.0
Fighting       | 4 5 6 7 8 10 11 12 | 12.0
Maces & Flails | 3 4 5 6 7 8 |  8.9
Polearms       | 2 6 9 10 | 10.2
Armour         | 6 8 9 |  9.3

Action                   |  1- 3 |  4- 6 |  7- 9 | 10-12 || total
-------------------------+-------+-------+-------+-------++-------
Melee: Flail             |   162 |   281 |   484 |       ||   927
       Scythe            |       |       |    19 |   470 ||   489
       Eveningstar       |       |       |       |   116 ||   116
       Spear             |       |       |       |    14 ||    14
Evoke: Wand              |       |       |       |     1 ||     1
  Use: Potion            |       |     1 |       |    10 ||    11
       Scroll            |       |       |     5 |    11 ||    16
 Stab: Distracted        |       |       |       |     7 ||     7
  Eat: Chunk             |       |     6 |     8 |       ||    14
       Ration            |       |       |     1 |     9 ||    10
Armor: Scale mail        |    83 |   114 |    40 |       ||   237
       Plate armour      |       |       |   207 |   410 ||   617
Dodge: Dodged            |    60 |    85 |   114 |   166 ||   425
Block: Shield            |   109 |   106 |   286 |   479 ||   980
